 Dungeon Crawl Stone Soup version 0.29-a0-676-ga64570c9d2 (webtiles) character file.

Game seed: 1455410418127384160

14158 hquester1 the Blocker (level 11, -1/99 HPs)
             Began as a Minotaur Fighter on June 24, 2022.
             Was a High Priest of Okawaru.
             Slain by a seven-headed hydra (11 damage)
             ... on level 1 of the Lair of Beasts.
             The game lasted 00:40:31 (11210 turns).

hquester1 the Blocker (Minotaur Fighter)           Turns: 11210, Time: 00:40:32

Health: -1/99      AC: 21    Str: 35    XL:     11   Next: 85%
Magic:  14/14      EV:  8    Int:  5    God:    Okawaru [*****.]
Gold:   559        SH: 17    Dex: 12    Spells: 10/10 levels left

rFire   . . .      SeeInvis .   z - +0 morningstar
rCold   . . .      Faith    .   a - +2 tower shield {reflect}
rNeg    . . .      Spirit   .   B - +0 plate armour
rPois   .          Reflect  +   v - +2 hat
rElec   .          Harm     .   A - +2 cloak {Stlth+}
rCorr   .          Rampage  .   (no gloves)
Will    .....                   F - +0 pair of boots
Stlth   ..........              e - amulet of regeneration
HPRegen 1.06/turn               i - +6 ring of strength
MPRegen 0.14/turn               q - +6 ring of strength

@: no status effects
A: horns 2, retaliatory headbutt
a: Renounce Religion, Heroism, Finesse, Duel


You were on level 1 of the Lair of Beasts.
You worshipped Okawaru.
Okawaru was extremely pleased with you.
You visited 3 branches of the dungeon, and saw 13 of its levels.
You also visited: Ossuary and Gauntlet.

You collected 559 gold pieces.

Inventory:

Hand Weapons
 y - a +1 war axe
 z - a +0 morningstar (weapon)
Armour
 a - a +2 tower shield of reflection (worn)
 v - a +2 hat (worn)
 A - a +2 cloak of stealth (worn)
 B - a +0 plate armour (worn)
 F - a +0 pair of boots (worn)
Jewellery
 e - an amulet of regeneration (around neck)
 i - a +6 ring of strength (left hand)
 q - a +6 ring of strength (right hand)
 G - a ring of resist corrosion
 H - a +4 ring of evasion
Wands
 c - a wand of polymorph (1)
 w - a wand of mindburst (23)
 D - a wand of flame (28)
 I - a wand of acid (7)
Scrolls
 b - 2 scrolls of immolation
 g - 2 scrolls of vulnerability
 h - 2 scrolls of fog
 j - 3 scrolls of fear
 l - 3 scrolls of teleportation
 M - a scroll of brand weapon {unknown}
Potions
 d - 3 potions of might
 f - 2 potions of berserk rage
 k - 2 potions of haste
 n - 2 potions of magic
 o - 6 potions of curing
 p - 3 potions of invisibility
 r - 2 potions of cancellation
 t - 6 potions of mutation
 u - a potion of heal wounds
 x - a potion of brilliance
 C - 2 potions of attraction
 E - a potion of experience {unknown}
Miscellaneous
 m - a tin of tremorstones (2/2)


   Skills:
 + Level 9.8 Fighting
 + Level 6.3(8.8) Axes
 + Level 9.3(10.2) Maces & Flails
 + Level 9.8 Armour
 + Level 8.2 Dodging
 + Level 9.8 Shields
 + Level 5.4 Invocations
 + Level 4.9 Evocations


You had 10 spell levels left.
You didn't know any spells.
Your spell library contained the following spells:

 Spells                   Type           Power      Damage    Failure   Level
 Sting                    Tmut/Pois      0%         1d3       100%        1
 Blink                    Tloc           0%         N/A       100%        2
 Ensorcelled Hibernation  Hex/Ice        0%         N/A       100%        2
 Static Discharge         Conj/Air       0%         N/A       100%        2
 Spider Form              Tmut/Pois      0%         N/A       100%        3
 Anguish                  Hex/Necr       0%         N/A       100%        4
 Hailstorm                Conj/Ice       0%         3d3       100%        4
 Ice Form                 Ice/Tmut       0%         N/A       100%        4
 Iskenderun's Mystic Bla  Conj/Tloc      0%         2d3       100%        4
 Lightning Bolt           Conj/Air       0%         1d11      100%        5
 Manifold Assault         Tloc           0%         N/A       100%        5
 Dispersal                Tloc           0%         N/A       100%        6
 Storm Form               Tmut/Air       0%         N/A       100%        7
 Maxwell's Capacitive Co  Air            0%         ∞         100%        8
 Simulacrum               Ice/Necr       Unusable   N/A       N/A         6

Dungeon Overview and Level Annotations

Branches:
Dungeon (11/15)            Temple (1/1) D:5            Lair (1/6) D:8
    Orc (0/2) D:9         Ossuary (visited)         Gauntlet (visited)

Altars:
Ashenzari
Cheibriados
Dithmenos
Elyvilon
Fedhas
Gozag
Hepliaklqana
Kikubaaqudgha
Makhleb
Nemelex Xobeh
Okawaru
Qazlal
Ru
Sif Muna
Trog
Uskayaw
Vehumet
Wu Jian
Xom
Yredelemnul
Zin
The Shining One
Beogh

Shops:
D:3 [

Annotations:
D:11 Amaemon


Innate Abilities, Weirdness & Mutations

You have a pair of horns on your head.
You reflexively headbutt those who attack you in melee.


Message History

The seven-headed hydra is heavily wounded.
The seven-headed hydra bites you! The seven-headed hydra bites you.
You block the seven-headed hydra's attack. x2
The seven-headed hydra bites you!
The seven-headed hydra completely misses you.
The seven-headed hydra bites you.
You barely miss the seven-headed hydra.
The seven-headed hydra is heavily wounded.
You block the seven-headed hydra's attack.
The seven-headed hydra bites you.
You block the seven-headed hydra's attack.
The seven-headed hydra closely misses you.
You block the seven-headed hydra's attack. x2
The seven-headed hydra bites you! The seven-headed hydra bites you.
The seven-headed hydra bites you! The seven-headed hydra bites you.
The seven-headed hydra barely misses you.
The seven-headed hydra closely misses you.
The seven-headed hydra bites you.
The seven-headed hydra bites you but does no damage.
You barely miss the seven-headed hydra.
The seven-headed hydra is heavily wounded.
The seven-headed hydra bites you!
* * * LOW HITPOINT WARNING * * *
The seven-headed hydra bites you but does no damage.
You block the seven-headed hydra's attack.
The seven-headed hydra bites you.
* * * LOW HITPOINT WARNING * * *
The seven-headed hydra barely misses you.
The seven-headed hydra bites you but does no damage.
You block the seven-headed hydra's attack.
You barely miss the seven-headed hydra.
The seven-headed hydra is heavily wounded.
You block the seven-headed hydra's attack.
The seven-headed hydra barely misses you.
You block the seven-headed hydra's attack.
The seven-headed hydra bites you!
* * * LOW HITPOINT WARNING * * *
The seven-headed hydra bites you but does no damage.
The seven-headed hydra bites you!
You die...

...#...#..........#######...##
.......#....................#
...#..................##+.#.#
.......#..............#.....##
...#...#.......#..###........###.
....####.......#....'.#...#.....
.............#.#...#...###
.###.#....#.#...#.#....
#.D@...#.#.....#.... P.......
#.#....#.###.P.#..## .......
...###+##............ #.#.....
... ............# P.#.... ...
####..###.[.# ##..... .. ####
##.># ...#..##### #..#
...#......# #... ...#<# #...


You could see a seven-headed hydra.

Vanquished Creatures
  A minotaur (Gauntlet)
  4 two-headed ogres
  Urug (D:11)
  A thrashing horror (Gauntlet)
  A wizard (Gauntlet)
  A komodo dragon (Lair:1)
  A kobold demonologist (D:10)
  2 trolls
  A tyrant leech (Gauntlet)
  Grinder (D:5)
  A vampire (D:9)
  12 yaks
  4 wyverns
  Grum (Lair:1)
  A steam dragon (D:8)
  2 vampire mosquitoes (D:11)
  3 swamp worms (Gauntlet)
  2 water moccasins
  2 sky beasts
  3 orc warriors
  4 ogres
  4 centaurs
  7 wolves
  2 bullfrogs
  4 kobold brigands
  2 scorpions
  3 water moccasin zombies (Ossuary)
  9 wights
  7 killer bees
  An electric eel (D:8)
  5 howler monkeys
  2 gnoll shamans
  6 hounds
  5 orc priests
  3 jellies
  An iron imp (D:3)
  Jessica (D:3)
  13 orc wizards
  2 small abominations (Gauntlet)
  2 mummies (Ossuary)
  8 adders
  8 gnolls
  A shadow imp (D:7)
  5 white imps
  8 adder zombies (Ossuary)
  2 worms
  3 dart slugs
  51 orcs
  3 bats
  8 endoplasms
  6 giant cockroaches
  8 goblins
  13 hobgoblins
  9 jackals
  17 kobolds
  A quokka (D:3)
  3 ball pythons
  5 frilled lizards
  2 gnoll zombies (Ossuary)
  6 hobgoblin zombies (Ossuary)
  5 kobold zombies (Ossuary)
  7 orc zombies (Ossuary)
  8 rats
315 creatures vanquished.

Vanquished Creatures (others)
  A human (D:8)
  A bullfrog (D:7)
  6 demonic plants (Gauntlet)
  6 fungi
  12 plants
26 creatures vanquished.

Grand Total: 341 creatures vanquished

Notes
Turn   | Place    | Note
-------+----------+-------------------------------------------
     0 | D:1      | hquester1 the Minotaur Fighter began the quest for the Orb.
     0 | D:1      | Reached XP level 1. HP: 19/19 MP: 0/0
    71 | D:1      | Reached XP level 2. HP: 27/27 MP: 1/1
   226 | D:1      | Reached skill level 1 in Dodging
   255 | D:1      | Reached XP level 3. HP: 32/33 MP: 2/2
   288 | D:1      | Found a faded altar of an unknown god.
   742 | D:2      | Found a bloodstained altar of Trog.
   886 | D:2      | Reached XP level 4. HP: 40/40 MP: 3/3
  1490 | D:3      | Noticed a kobold brigand
  1500 | D:3      | Killed a kobold brigand
  1501 | D:3      | Reached XP level 5. HP: 35/47 MP: 4/4
  1779 | D:3      | Noticed Jessica
  1785 | D:3      | Killed Jessica
  1821 | D:3      | Found Qosihala's Antique Armour Boutique.
  1968 | D:3      | Found a snail-covered altar of Cheibriados.
  2109 | D:3      | Reached XP level 6. HP: 39/55 MP: 5/5
  2462 | D:4      | Reached skill level 5 in Fighting
  2564 | D:4      | Found a white marble altar of Elyvilon.
  2570 | D:4      | Found a burning altar of Makhleb.
  2575 | D:4      | Found a glowing silver altar of Zin.
  2847 | D:4      | Reached skill level 5 in Armour
  2861 | D:4      | Noticed a wyvern
  2869 | D:4      | Killed a wyvern
  2870 | D:4      | Reached skill level 5 in Shields
  3149 | D:4      | Found an iron altar of Okawaru.
  3166 | D:4      | Became a worshipper of Warmaster Okawaru
  3283 | D:4      | Reached XP level 7. HP: 56/61 MP: 6/6
  3527 | D:5      | Entered Level 5 of the Dungeon
  3859 | D:5      | Reached skill level 5 in Maces & Flails
  3931 | D:5      | HP: 2/62 [something (2)]
  3936 | D:5      | Reached * piety under Okawaru
  4444 | D:5      | Noticed Grinder
  4453 | D:5      | Killed Grinder
  4454 | D:5      | Reached XP level 8. HP: 51/70 MP: 7/7
  4762 | D:5      | Found a staircase to the Ecumenical Temple.
  4773 | Temple   | Entered the Ecumenical Temple
  4873 | D:5      | You fall into a shaft and drop 2 floors!
  5457 | D:6      | Found an ornate altar of the Wu Jian Council.
  5514 | D:6      | Reached skill level 5 in Dodging
  5525 | D:6      | Found a sand-covered staircase.
  5531 | Ossuary  | Entered an ossuary
  6527 | D:6      | Reached skill level 1 in Axes
  6527 | D:6      | Reached XP level 9. HP: 79/79 MP: 8/8
  6540 | D:6      | Reached ** piety under Okawaru
  6634 | D:6      | Reached skill level 1 in Invocations
  6955 | D:7      | Reached skill level 1 in Evocations
  7785 | D:8      | Reached *** piety under Okawaru
  7844 | D:8      | Noticed a two-headed ogre
  7854 | D:8      | Killed a two-headed ogre
  8014 | D:8      | Reached **** piety under Okawaru
  8015 | D:8      | Reached XP level 10. HP: 68/82 MP: 11/11
  8062 | D:8      | Found an ancient bone altar of Kikubaaqudgha.
  8072 | D:8      | Noticed a two-headed ogre
  8087 | D:8      | Killed a two-headed ogre
  8229 | D:8      | Found a staircase to the Lair.
  8677 | D:9      | Found a shadowy altar of Dithmenos.
  8778 | D:9      | Reached ***** piety under Okawaru
  8875 | D:9      | Found a staircase to the Orcish Mines.
  9251 | D:9      | Noticed a two-headed ogre
  9260 | D:9      | Killed a two-headed ogre
  9260 | D:9      | Received a gift from Okawaru
  9286 | D:9      | Reached skill level 5 in Axes
  9289 | D:9      | Reached XP level 11. HP: 18/95 MP: 11/13
  9551 | D:9      | Identified a scroll of acquirement
  9551 | D:9      | Acquired a +1 tower shield of reflection
  9575 | D:10     | Entered Level 10 of the Dungeon
  9630 | D:10     | Noticed a two-headed ogre
  9637 | D:10     | Killed a two-headed ogre
 10232 | D:11     | Noticed Urug
 10244 | D:11     | Killed Urug
 10277 | D:11     | Noticed Amaemon
 10414 | Lair:1   | Entered Level 1 of the Lair of Beasts
 10504 | Lair:1   | Noticed Grum
 10512 | Lair:1   | Reached skill level 5 in Invocations
 10526 | Lair:1   | Killed Grum
 10639 | Lair:1   | Found a gate leading to a gauntlet.
 10649 | Gauntlet | Entered a Gauntlet
 10649 | Gauntlet | Found a transporter.
 10649 | Gauntlet | Found a transporter.
 10649 | Gauntlet | Found a transporter.
 10652 | Gauntlet | Found a transporter.
 10653 | Gauntlet | Found a transporter.
 10653 | Gauntlet | Found a transporter.
 10655 | Gauntlet | Found a large runed translucent door.
 10656 | Gauntlet | Found a large runed translucent door.
 10657 | Gauntlet | Found a large runed translucent door.
 10657 | Gauntlet | Found a large runed translucent door.
 10658 | Gauntlet | Found a large runed translucent door.
 10658 | Gauntlet | Noticed a wizard
 10660 | Gauntlet | Found a large runed translucent door.
 10660 | Gauntlet | Found a large runed translucent door.
 10660 | Gauntlet | Found a large runed translucent door.
 10661 | Gauntlet | Found a runed translucent door.
 10662 | Gauntlet | Found a runed translucent gate.
 10662 | Gauntlet | Found a runed translucent gate.
 10663 | Gauntlet | Noticed a white ugly thing
 10663 | Gauntlet | Noticed a glowing orange brain
 10664 | Gauntlet | Found a transporter.
 10668 | Gauntlet | Found a transporter.
 10668 | Gauntlet | Found a transporter.
 10669 | Gauntlet | Found a transporter.
 10671 | Gauntlet | Noticed a fire crab
 10678 | Gauntlet | Found a transporter.
 10678 | Gauntlet | Noticed a thrashing horror
 10772 | Gauntlet | Found a large runed translucent door.
 10773 | Gauntlet | Found a large runed translucent door.
 10774 | Gauntlet | Found a large runed translucent door.
 10774 | Gauntlet | Found a large runed translucent door.
 10774 | Gauntlet | Found a runed translucent door.
 10775 | Gauntlet | Found a large runed translucent door.
 10776 | Gauntlet | Found a large runed translucent door.
 10777 | Gauntlet | Found a large runed translucent door.
 10777 | Gauntlet | Found a large runed translucent door.
 10778 | Gauntlet | Found a runed translucent gate.
 10794 | Gauntlet | Found a transporter.
 10868 | Gauntlet | Killed a wizard
 10998 | Gauntlet | Killed a thrashing horror
 11099 | Gauntlet | Noticed a minotaur
 11114 | Gauntlet | Killed a minotaur
 11114 | Gauntlet | Received a gift from Okawaru
 11120 | Gauntlet | Got the Grimoire of the Voyage and Poison
 11201 | Lair:1   | Noticed a seven-headed hydra
 11210 | Lair:1   | Slain by a seven-headed hydra

Illustrated notes

Levels and vault maps discovered:
D:1:      dpeg_arrival_pits, layout_rooms,
          dreamdust_ecumenical_altar_hidden_monk_grotto, supply_closet_lemuel,
          minmay_stone_trees_small
D:2:      layout_basic, basic_altar, minmay_pentomino_r4
D:3:      layout_rooms, slow_altar_2, serial_shops, shop, uniq_jessica
D:4:      layout_loops_corners, lemuel_doored_altar,
          minmay_overflow_temple_star_quad, hangedman_minor_gate_pass
D:5:      layout_loops_ring, minmay_temple_entry_poolview, uniq_grinder
D:6:      layout_loops_cross, lemuel_tele_altar,
          lightli_ossuary_entry_decrepit_ruins
D:7:      layout_basic, lemuel_flamethrower_2
D:8:      layout_loops_cross, tgw_kikubaaqudgha, erik_lair_island,
          minmay_liquid_box, minmay_starry_boxes
D:9:      layout_gridville, lemuel_crystal_altar, minmay_orc_entry_temple_small
D:10:     layout_loops_ring
D:11:     layout_gridville, uniq_amaemon, uniq_urug, uniq_fannar, uniq_lodul
Temple:   eino_temple_lava
Lair:1:   layout_chaotic_city, gauntlet_entry_generic, lemuel_fruit_tree,
          uniq_grum

Skill      XL: |  1  2  3  4  5  6  7  8  9 10 11 |
---------------+----------------------------------+-----
Dodging        | 1 2 3 4 5 6 7 8 |  8.2
Armour         | 4 5 6 7 8 9 |  9.8
Shields        | 4 5 6 7 8 9 |  9.8
Fighting       | 4 5 6 7 8 9 |  9.8
Maces & Flails | 3 4 5 6 7 8 9 |  9.3
Axes           | 1 3 5 6 |  6.3
Invocations    | 2 4 5 |  5.4
Evocations     | 2 3 4 |  4.9

Action                   |  1- 3 |  4- 6 |  7- 9 | 10-12 || total
-------------------------+-------+-------+-------+-------++-------
Melee: Flail             |    79 |   145 |   153 |       ||   377
       Headbutt          |    10 |    30 |    60 |    78 ||   178
       Mace              |       |       |    42 |       ||    42
       War axe           |       |       |   126 |   384 ||   510
       Morningstar       |       |       |       |     6 ||     6
Invok: Heroism           |       |       |       |     5 ||     5
  Use: Scroll            |       |     6 |    10 |     8 ||    24
       Potion            |       |       |     1 |     2 ||     3
 Stab: Distracted        |       |       |     1 |       ||     1
Armor: Scale mail        |    38 |    59 |    22 |       ||   119
       Chain mail        |       |       |   137 |    22 ||   159
       Plate armour      |       |       |       |   167 ||   167
       Skin              |       |       |       |     6 ||     6
Dodge: Dodged            |    36 |    48 |   122 |   227 ||   433
Block: Buckler           |    19 |    29 |    66 |    57 ||   171
       Tower shield      |       |       |       |   269 ||   269
       Reflection        |       |       |       |     1 ||     1

Table legend: (Time is in decaauts)
 A = Elapsed time spent in this place.
 B = Non-inter-level travel time spent in this place.
 C = Inter-level travel time spent in this place.
 D = Time resting spent in this place.
 E = Time spent auto-exploring this place.
 F = Levels seen in this place.
 G = Mean time per level.
                   A        B        C        D        E       F      G
               +--------+--------+--------+--------+--------+-----+--------+
         Total |  11439 |  11103 |    336 |   1461 |   6629 |  15 |  762.6 |
       Dungeon |  10397 |  10061 |    336 |   1415 |   6431 |  11 |  945.2 |
        Temple |     46 |     46 |      0 |      0 |     31 |   1 |   46.0 |
          Lair |    341 |    341 |      0 |      0 |    110 |   1 |  341.0 |
       Ossuary |    169 |    169 |      0 |      0 |     14 |   1 |  169.0 |
      Gauntlet |    484 |    484 |      0 |     46 |     43 |   1 |  484.0 |
               +--------+--------+--------+--------+--------+-----+--------+

Top non-repeatable levels by time:
     D:5: 1588 daAuts
     D:7: 1335 daAuts
     D:4: 1181 daAuts
     D:8: 1064 daAuts
     D:6: 1047 daAuts
     D:2: 998 daAuts
     D:9: 966 daAuts
     D:3: 901 daAuts
    D:10: 735 daAuts
     D:1: 506 daAuts
Gauntlet: 484 daAuts
  Lair:1: 341 daAuts
 Ossuary: 169 daAuts
    D:11: 71 daAuts
  Temple: 46 daAuts
